 Dungeon Crawl Stone Soup version 0.21-a0-260-g9b2435e (console) character file.

149 Akra the Shooter (level 5, -1/40 HPs)
             Began as a Centaur Arcane Marksman on Sept 7, 2017.
             Slain by an orc
             ... wielding a cursed +0 short sword
              (2 damage)
             ... on level 2 of the Dungeon.
             The game lasted 00:10:43 (2827 turns).

Akra the Shooter (Centaur Arcane Marksman)          Turns: 2827, Time: 00:10:43

Health: -1/40      AC:  4    Str: 13    XL:     5   Next: 9%
Magic:  6/6        EV:  9    Int: 12    God:
Gold:   52         SH:  0    Dex: 10    Spells: 5/6 levels left

rFire    . . .     SeeInvis .     - Unarmed
rCold    . . .     Gourm    .   (no shield)
rNeg     . . .     Faith    .   e - +0 robe
rPois    .         Spirit   .   (no helmet)
rElec    .         Reflect  .   (no cloak)
rCorr    .         Harm     .   (no gloves)
MR       .....                  (no barding)
Stlth    +.........             (no amulet)
HPRegen  0.13/turn              (no ring)
MPRegen  0.10/turn              (no ring)

@: very quick
A: hooves 3, deformed body, speed 2, tough skin 3
a: no special abilities


You were on level 2 of the Dungeon.
You were not hungry.

You visited 1 branch of the dungeon, and saw 2 of its levels.

You collected 52 gold pieces.

Inventory:

Hand Weapons
 a - a +0 shortbow
Missiles
 d - 14 arrows
Armour
 e - a +0 robe (worn)
Scrolls
 g - a scroll of remove curse
 h - a scroll of blinking
 k - a scroll of teleportation {unknown}
 l - a scroll of enchant armour {unknown}
 o - a scroll of recharging {unknown}
Potions
 b - a potion of invisibility
 i - a potion of brilliance
Books
 c - a book of Debilitation

   Spells                             Type                      Level
   a - Corona                         Hexes                        1
   b - Slow                           Hexes                        2
   c - Inner Flame                    Hexes/Fire                   3
   d - Portal Projectile              Hexes/Translocation          3
   e - Cause Fear                     Hexes                        4
   f - Leda's Liquefaction            Hexes/Earth                  4
Comestibles
 f - 2 bread rations
 j - 8 chunks of flesh
 m - a royal jelly
 n - 2 fruits


   Skills:
 - Level 1.0 Fighting
 + Level 5.2 Bows
 - Level 1.3 Dodging
 + Level 3.3 Unarmed Combat
 - Level 1.0 Spellcasting
 - Level 2.6 Hexes


You had 5 spell levels left.
You knew the following spells:

 Your Spells              Type           Power        Failure   Level  Hunger
a - Corona                Hex            #......      10%         1    ##.....


Dungeon Overview and Level Annotations

Branches:
Dungeon (2/15)

Altars:
Kikubaaqudgha


Innate Abilities, Weirdness & Mutations

You have hooves in place of feet.
Armour fits poorly on your strangely shaped body.
You cover ground very quickly.
You have extremely tough skin. (AC +3)


Message History

The orc hits you with a mace! The orc completely misses you.
You hit the orc but do no damage. You kick the orc!
You kill the orc!
The orc hits you with a mace!
You punch the orc!
The orc is almost dead.
The orc hits you with a dagger.
You hit the orc.
You kill the orc!
The orc misses you.
You hit the orc.
The orc is severely wounded.
The orc hits you but does no damage.
The orc priest invokes the aid of Beogh against you.
Beogh smites you!
* * * LOW HITPOINT WARNING * * *
You hit the orc but do no damage. You kick the orc.
The orc is almost dead.
The orc hits you with a short sword.
You die...

...####.#####.#
#.########
..............#
#.........
..#.##..#######
########## ....##..# #
..####..# # ........#
#.####.## ### .......# ..
.....## ### .######
#.##.######.######o......
...........#....@oo.8...8
..##.######.#####oo......
...#.# #.# #........ ..##
.....# #.# #!....... ....
...#.# #.# ##..8...8 ###
.....# #.# ....... #.####
#.# .###### #.# #.# ..
#'## ###.#### ## ## ...##
#......# # #.# # ....##
#.#.##.# .###.# ##


You could see an orc priest, an orc wizard and 3 orcs.

Vanquished Creatures
  A bullfrog (D:2)
  3 adders (D:2)
  A worm (D:2)
  A dart slug (D:1)
  2 orcs (D:2)
  2 bat zombies (D:2)
  A giant cockroach (D:2)
  5 goblins
  5 hobgoblins
  9 jackals
  7 kobolds
  4 quokkas (D:2)
  3 bats
  5 rats
  A rat zombie (D:2)
50 creatures vanquished.

Notes
Turn   | Place    | Note
-------+----------+-------------------------------------------
     0 | D:1      | Akra the Centaur Arcane Marksman began the quest for the Orb.
     0 | D:1      | Reached XP level 1. HP: 16/16 MP: 2/2
   206 | D:1      | Reached skill level 3 in Bows
   209 | D:1      | Reached skill level 1 in Unarmed Combat
   236 | D:1      | Reached XP level 2. HP: 12/23 MP: 3/3
  1068 | D:2      | Reached XP level 3. HP: 12/28 MP: 4/4
  1849 | D:2      | Reached skill level 4 in Bows
  2339 | D:2      | Noticed a bullfrog
  2378 | D:2      | Killed a bullfrog
  2378 | D:2      | Reached XP level 4. HP: 4/35 MP: 5/5
  2669 | D:2      | Reached skill level 5 in Bows
  2703 | D:2      | Reached XP level 5. HP: 33/40 MP: 6/6
  2743 | D:2      | Found an ancient bone altar of Kikubaaqudgha.
  2826 | D:2      | HP: 1/40 [orc priest/divine providence (12)]
  2827 | D:2      | Slain by an orc

Vault maps used:
D:1:      doesnt_arrival_eight_statues, minivault_25
D:2:      cheibrodos_pilgrimage, lemuel_zombie_altar_kikubaaqudgha, st_stairs_4

Skill      XL: |  1  2  3  4 |
---------------+-------------+-----
Bows           | 3 4 5 |  5.2
Unarmed Combat | 1 2 3 |  3.3
Fighting       | |  1.0
Dodging        | |  1.3
Spellcasting   | |  1.0
Hexes          | |  2.6

Action                   |  1- 3 |  4- 6 || total
-------------------------+-------+-------++-------
Melee: Unarmed           |   150 |    46 ||   196
       Kick              |    28 |    10 ||    38
       Punch             |       |     1 ||     1
 Fire: Shortbow          |    41 |       ||    41
  Use: Potion            |     3 |       ||     3
       Scroll            |     4 |       ||     4
  Eat: Chunk             |     3 |     2 ||     5
Armor: Robe              |    57 |    11 ||    68
Dodge: Dodged            |    97 |    18 ||   115

Table legend:
 A = Spawn XP
 B = Non-spawn XP
 C = Spawn XP percentage of total XP
 D = Spawn monster count
 E = Non-spawn monster count
 F = Spawn count percentage of total count
 G = Total turns spent on level
                    A         B        C        D         E        F      G
               +---------+---------+-------+---------+---------+-------+---------
         Total |       0 |     213 |   0.0 |       0 |      50 |   0.0 |  2827
               +---------+---------+-------+---------+---------+-------+---------
           D:1 |       0 |      29 |   0.0 |       0 |      17 |   0.0 |  1010
           D:2 |       0 |     184 |   0.0 |       0 |      33 |   0.0 |  1817
               +---------+---------+-------+---------+---------+-------+---------
